 Dungeon Crawl Stone Soup version 0.27-b1-2-g8387495791 (webtiles) character file.

Game seed: 6429461663320376245

14795 RumbleMcSkirmish the Fighter (level 11, -4/110 HPs)
             Began as a Minotaur Fighter on July 25, 2021.
             Was a Priest of the Shining One.
             Slain by Jorgrun (8 damage)
             ... while petrified by Jorgrun
             ... on level 12 of the Dungeon.
             The game lasted 00:36:14 (13659 turns).

RumbleMcSkirmish the Fighter (Minotaur Fighter)    Turns: 13659, Time: 00:36:15

Health: -4/110     AC: 22    Str: 28    XL:     11   Next: 93%
Magic:  10/10      EV: -1    Int:  5    God:    the Shining One [***...]
Gold:   659        SH:  0    Dex: 12    Spells: 10/10 levels left

rFire    . . .     SeeInvis .   I - +3 morningstar
rCold    . . .     Faith    .   c - +0 kite shield
rNeg     + + +     Spirit   .   h - +0 plate armour
rPois    ∞         Reflect  .   (helmet restricted)
rElec    .         Harm     .   z - +2 cloak {Stlth+}
rCorr    .         Rampage  .   F - +0 pair of gloves
Will     .....                  (no boots)
Stlth    ..........             (no amulet)
HPRegen  0.28/turn              l - +4 ring of protection
MPRegen  0.12/turn              o - +6 ring of strength

@: brilliant, petrified, grasped by roots, hasted, glowing, constricted
A: horns 2, retaliatory headbutt
a: Renounce Religion, Divine Shield


You were on level 12 of the Dungeon.
You worshipped the Shining One.
The Shining One was most pleased with you.
You visited 2 branches of the dungeon, and saw 13 of its levels.
You also visited: Sewer.

You collected 845 gold pieces.
You spent 186 gold pieces at shops.

Inventory:

Hand Weapons
 a - a +0 flail
 I - a +3 morningstar (weapon)
Armour
 c - a +0 kite shield (worn)
 h - a +0 plate armour (worn)
 z - a +2 cloak of stealth (worn)
 A - a scarf of invisibility
 E - a +1 leather armour of willpower
 F - a +0 pair of gloves (worn)
Jewellery
 l - a +4 ring of protection (left hand)
 o - a +6 ring of strength (right hand)
 v - a +4 ring of evasion
 B - a ring of willpower
Wands
 r - a wand of flame (48) (quivered)
 t - a wand of polymorph (33)
 y - a wand of iceblast (8)
Scrolls
 b - 16 scrolls of identify
 e - 5 scrolls of amnesia {unknown}
 g - 2 scrolls of magic mapping {unknown}
 j - 4 scrolls of enchant armour {unknown}
 k - 2 scrolls of vulnerability {unknown}
 n - 3 scrolls of acquirement {unknown}
 p - 2 scrolls of fear {unknown}
 s - 2 scrolls of enchant weapon
 w - 4 scrolls of teleportation {unknown}
 x - a scroll of blinking
 D - a scroll of silence {unknown}
 G - a scroll of fog {unknown}
 H - a scroll of noise {unknown}
Potions
 d - a potion of brilliance
 f - 3 potions of haste
 i - a potion of heal wounds {unknown}
 m - a potion of berserk rage {unknown}
 q - 6 potions of curing
 u - a potion of mutation {unknown}
 C - 4 potions of lignification {unknown}


   Skills:
 - Level 14.0 Fighting
 - Level 14.0 Maces & Flails
 + Level 7.9 Armour
 - Level 6.0 Dodging
 + Level 7.7 Shields


You had 10 spell levels left.
You didn't know any spells.
Your spell library contained the following spells:

 Spells                   Type           Power      Damage    Failure   Level
 Stone Arrow              Conj/Erth      0%         3d7       100%        3
 Animate Armour           Summ/Erth      0%         N/A       100%        4
 Bolt of Magma            Conj/Fire/Erth 0%         4d4       100%        5
 Lehudib's Crystal Spear  Conj/Erth      0%         10d2      100%        8
 Shatter                  Erth           0%         3d5*      100%        9


Dungeon Overview and Level Annotations

Branches:
Dungeon (12/15)            Temple (1/1) D:4            Lair (0/6) D:10
    Orc (0/2) D:10          Sewer (visited)

Altars:
Ashenzari
Cheibriados
Xom
The Shining One

Shops:
D:4 *   D:6 ([?(?   D:7 =   D:11 *

Annotations:
D:10 exclusion: oklob plant
D:12 Jorgrun


Innate Abilities, Weirdness & Mutations

You have a pair of horns on your head.
You reflexively headbutt those who attack you in melee.


Message History

Jorgrun hits you with a +0 vorpal quarterstaff!
* * * LOW HITPOINT WARNING * * *
x3 The grasping roots constrict you!
The grasping roots release their grip on you.
You bludgeon Jorgrun!!
Jorgrun is heavily wounded.
Jorgrun hits you but does no damage.
You impale Jorgrun!!
Jorgrun is severely wounded.
You block Jorgrun's attack.
It was a potion of curing.
You feel better. You block Jorgrun's attack.
You feel yourself speed up. Jorgrun casts a spell at you.
You struggle to resist.
Your shield and plate armour prevent you from hitting Jorgrun.
Your headbutt misses Jorgrun.
Jorgrun is severely wounded.
Jorgrun gestures at you while chanting.
You are slowing down.
You bludgeon Jorgrun!!
Jorgrun is almost dead.
Jorgrun hits you with a +0 vorpal quarterstaff!
* * * LOW HITPOINT WARNING * * *
x2 You sock Jorgrun!
Jorgrun is almost dead.
Jorgrun hits you with a +0 vorpal quarterstaff!
* * * LOW HITPOINT WARNING * * *
x2 Your limbs are stiffening.
It was a potion of brilliance.
You feel clever all of a sudden.
Jorgrun says, "May tha earth consume ye!"
Jorgrun gestures at you while chanting.
You struggle to resist.
You have turned to stone.
Jorgrun gestures at you while chanting.
Roots burst forth from the earth!
The grasping roots grab you!
* * * LOW HITPOINT WARNING * * *
The grasping roots constrict you! Jorgrun casts a spell at you.
You die...

.....## .................
......## ##.................
.#.....# ##.............?....
.##....####...................
###.....##.................. #
#.....##................##
..##........[..............#
........................#
................@g[....##
......................##
...............)).....#
...............()....##
........#####.##)....#
..#...... .####)...# ...##....
## ##...## ### .. #... ##...#
##.# ## ##..## ##.#.#


You could see Jorgrun (strong).

Vanquished Creatures
  A hydra (D:11)
  2 boulder beetles (D:12)
  3 two-headed ogres
  Nergalle (D:11)
  A cyclops (D:12)
  A manticore (D:12)
  Maurice (D:8)
  Joseph (D:8)
  A gargoyle (D:12)
  A kobold demonologist (D:10)
  A troll (D:10)
  Grinder (D:3)
  A vampire (D:11)
  3 wraiths
  Sigmund (D:5)
  16 yaks
  An acid dragon (D:11)
  3 water moccasins
  4 orc warriors
  An ice beast (D:3)
  2 black bears
  3 necrophages
  8 centaurs
  2 ogres
  2 kobold brigands
  Blork the orc (D:5)
  A gnoll sergeant (D:12)
  A bullfrog (D:7)
  3 scorpions
  7 killer bees (D:9)
  4 howler monkeys
  8 wights
  2 electric eels (D:6)
  5 centaur zombies
  6 orc priests
  A gnoll shaman (D:7)
  Ijyb (D:4)
  2 iguanas (D:6)
  8 orc wizards
  A killer bee zombie (D:5)
  2 howler monkey zombies
  4 adders
  7 gnolls
  A shadow imp (D:5)
  2 white imps
  An ufetubus (D:6)
  An adder skeleton (D:4)
  3 worms
  28 orcs
  6 ball pythons
  11 endoplasms
  3 giant cockroaches (D:4)
  4 goblins
  7 hobgoblins
  12 jackals
  2 quokkas
  5 bats
  3 frilled lizards
  18 kobolds
  5 rats
238 creatures vanquished.

Vanquished Creatures (others)
  4 plants (D:3)
4 creatures vanquished.

Grand Total: 242 creatures vanquished

Notes
Turn   | Place    | Note
-------+----------+-------------------------------------------
     0 | D:1      | RumbleMcSkirmish the Minotaur Fighter began the quest for
                  | the Orb.
     0 | D:1      | Reached XP level 1. HP: 19/19 MP: 0/0
   386 | D:1      | Reached XP level 2. HP: 26/27 MP: 1/1
  1259 | D:2      | Reached XP level 3. HP: 34/34 MP: 2/2
  1273 | D:2      | Found a faded altar of an unknown god.
  1915 | D:3      | Noticed Grinder
  1917 | D:3      | Paralysed by Grinder for 5 turns
  1924 | D:3      | Paralysed by Grinder for 7 turns
  1935 | D:3      | Paralysed by Grinder for 2 turns
  1944 | D:3      | Killed Grinder
  1945 | D:3      | Reached XP level 4. HP: 5/45 MP: 3/3
  1945 | D:3      | Reached XP level 5. HP: 6/51 MP: 4/4
  2558 | D:3      | Noticed an ice beast
  2565 | D:3      | Reached XP level 6. HP: 60/60 MP: 5/5
  2575 | D:3      | Killed an ice beast
  2576 | D:3      | Reached skill level 5 in Maces & Flails
  2989 | D:4      | Found Rin Jadgh's Gadget Gallery.
  3269 | D:4      | Noticed Ijyb
  3282 | D:4      | Killed Ijyb
  3305 | D:4      | Found a glowing drain.
  3434 | Sewer    | Entered a sewer
  3486 | Sewer    | Noticed a water moccasin
  3496 | Sewer    | Killed a water moccasin
  3497 | Sewer    | Reached XP level 7. HP: 25/68 MP: 6/6
  3903 | D:4      | Found a staircase to the Ecumenical Temple.
  3916 | Temple   | Entered the Ecumenical Temple
  3923 | Temple   | Became a worshipper of the Shining One
  4263 | D:5      | Entered Level 5 of the Dungeon
  4271 | D:5      | Noticed Blork the orc
  4294 | D:5      | Killed Blork the orc
  4421 | D:5      | Noticed Sigmund
  4427 | D:5      | Killed Sigmund
  4428 | D:5      | Reached skill level 10 in Fighting
  4428 | D:5      | Reached XP level 8. HP: 76/79 MP: 7/7
  4980 | D:6      | Found Egesaf's Magic Scroll Shop.
  4988 | D:6      | Bought a scroll of blinking for 82 gold pieces
  4988 | D:6      | Bought a scroll of enchant weapon for 82 gold pieces
  4988 | D:6      | Bought a scroll of identify for 22 gold pieces
  5151 | D:6      | Found Teumm's Antique Weapon Shop.
  5172 | D:6      | Found Ziepocw's Antique Armour Shop.
  5310 | D:6      | Found Enusol's Weapon Emporium.
  5654 | D:6      | Found Odu Paqe's Magic Scroll Emporium.
  6250 | D:7      | Found Lavewiv's Jewellery Emporium.
  6269 | D:7      | Reached XP level 9. HP: 75/90 MP: 8/8
  6352 | D:7      | Reached * piety under the Shining One
  7080 | D:8      | Found a shimmering altar of Xom.
  7298 | D:8      | Noticed Maurice
  7325 | D:8      | Killed Maurice
  7500 | D:8      | Noticed Joseph
  7522 | D:8      | Killed Joseph
  7523 | D:8      | Reached skill level 10 in Maces & Flails
  8072 | D:9      | Reached XP level 10. HP: 102/102 MP: 9/9
  8189 | D:9      | Reached ** piety under the Shining One
  8250 | D:9      | Noticed a two-headed ogre
  8263 | D:9      | Killed a two-headed ogre
  9667 | D:10     | Entered Level 10 of the Dungeon
  9729 | D:10     | Found a staircase to the Orcish Mines.
 10050 | D:10     | Found a staircase to the Lair.
 10050 | D:10     | Noticed an oklob plant
 10343 | D:10     | Noticed a two-headed ogre
 10354 | D:10     | Killed a two-headed ogre
 10355 | D:10     | Reached XP level 11. HP: 57/110 MP: 10/10
 10360 | D:10     | Reached skill level 1 in Dodging
 10651 | D:10     | Reached *** piety under the Shining One
 10843 | D:11     | Noticed a four-headed hydra
 10852 | D:11     | Killed a four-headed hydra
 11228 | D:11     | Reached skill level 5 in Armour
 11228 | D:11     | Reached skill level 5 in Shields
 11449 | D:11     | Noticed Nergalle
 11472 | D:11     | Noticed a spectral orc warlord
 11473 | D:11     | Killed Nergalle
 12252 | D:11     | Noticed a two-headed ogre
 12254 | D:11     | Killed a two-headed ogre
 12324 | D:11     | Found Cakkit's Assorted Antiques.
 12712 | D:12     | Noticed a boulder beetle
 13001 | D:12     | Killed a boulder beetle
 13002 | D:12     | Reached skill level 5 in Dodging
 13552 | D:12     | Noticed a boulder beetle
 13577 | D:12     | Killed a boulder beetle
 13626 | D:12     | Noticed Jorgrun
 13658 | D:12     | HP: 4/110 [Jorgrun (5)]
 13659 | D:12     | Slain by Jorgrun

Illustrated notes

Levels and vault maps discovered:
D:1:      lordsloth_arrival_two_stooges, layout_loops_ring,
          kennysheep_decorative_pillar
D:2:      layout_loops_corners, shapermc_ecumenical_altar_flowoftime,
          kennysheep_generic_room_11
D:3:      cheibrodos_old_hovel, layout_loops_ring, grunt_decor_clamped,
          uniq_grinder
D:4:      minmay_wonky_spiral, layout_loops_ring,
          minmay_temple_entry_water_ring, gup_sewer_entry_bowl,
          nicolae_shop_gadgets, uniq_ijyb
D:5:      layout_basic, uniq_blork_the_orc, uniq_sigmund
D:6:      layout_loops_ring, serial_shops, nicolae_inconvenience_store, shop,
          shop, nicolae_shop_temple_entry_statues_fountains,
          nicolae_shop_temple_entry_statues_fountains
D:7:      layout_loops_cross, serial_shops, nicolae_shop_trees
D:8:      layout_rooms, mainiacjoe_overflow_concentric_impassable, uniq_joseph,
          uniq_maurice
D:9:      kennysheep_spiral_hall, layout_basic
D:10:     layout_roguey, dpeg_oklobed_lair, lightli_orcish_oven
D:11:     layout_grid_maze, serial_shops, shop_coins, uniq_nergalle
D:12:     layout_layer_cave, uniq_jorgrun, uniq_rupert
Temple:   minmay_crystal_snake_temple

Skill      XL: |  1  2  3  4  5  6  7  8  9 10 11 |
---------------+----------------------------------+-----
Fighting       | 4 6 7 8 10 11 13 14 | 14.0
Maces & Flails | 3 4 5 6 8 10 14 | 14.0
Dodging        | 6 |  6.0
Armour         | 7 |  7.9
Shields        | 7 |  7.7

Action                   |  1- 3 |  4- 6 |  7- 9 | 10-12 || total
-------------------------+-------+-------+-------+-------++-------
Melee: Flail             |    84 |   123 |   245 |   305 ||   757
       Headbutt          |    16 |    23 |    55 |   104 ||   198
       Morningstar       |       |       |       |    34 ||    34
  Use: Potion            |     3 |       |       |     3 ||     6
Armor: Scale mail        |     4 |       |       |       ||     4
       Chain mail        |     6 |       |       |       ||     6
       Plate armour      |    36 |   101 |   128 |   199 ||   464
Dodge: Dodged            |    17 |    22 |    65 |    76 ||   180
Block: Kite shield       |    43 |    69 |   123 |   181 ||   416
